Workbook

Sheet 2A_Overall
A1: 2. PROJECT BUDGET
A3: 2 A) | B3: Overall Budget
B4: Please provide a detailed breakdown of the overall/total budget required for the project (including Company Applicants's contributions). Please note that budget amounts should be rounded to the nearest S$10 for direct costs.
B5: For DRIVE budget figures, please ensure the figures align with the DRIVE budget request submitted by the Lead Principle Investigator.
B6: Use this section to provide details and rationale for the budget support requested for the performance of the Project, and indicate the corresponding Work Package (WP) for each budget line item, where applicable, to ensure alignment between resource requirements and the Project Plan. • EOM: Describe the specific contributions of each staff member to the project deliverables, and highlight any technical challenges associated with their roles. • EQPT: Justify for each equipment item, demonstrating how it supports the achievement of project deliverables. • OOE: Justify for all Other Operating Expenses requested.
B7: Note: Please retain the line items in each worksheet and avoid merging rows. If there are multiple institutions or companies involved in the Project, please specify the entity in brackets under ‘Site of Spending’, e.g. SG Performer (NTU), SG Performer (NUS), SG Company (ABC).
B9: Manpower (EOM) | C9: Stage 1 | D9: Stage 2 | E9: Stage 3 | F9: Stage 4 | G9: Stage 5 | H9: Total ($)
C10: S($) | D10: S($) | E10: S($) | F10: S($) | G10: S($)
B11: DRIVE Request | C11: 0 | D11: 0 | E11: 0 | F11: 0 | G11: 0 | H11: =SUM(C11:G11) -> 0
B12: Coy Cash | C12: ='Coy Cash'!I13 -> 0 | D12: ='Coy Cash'!J13 -> 0 | E12: ='Coy Cash'!K13 -> 0 | F12: ='Coy Cash'!L13 -> 0 | G12: ='Coy Cash'!M13 -> 0 | H12: =SUM(C12:G12) -> 0
B13: Coy In-Kind | C13: ='Coy In-Kind'!I13 -> 0 | D13: ='Coy In-Kind'!J13 -> 0 | E13: ='Coy In-Kind'!K13 -> 0 | F13: ='Coy In-Kind'!L13 -> 0 | G13: ='Coy In-Kind'!M13 -> 0 | H13: =SUM(C13:G13) -> 0
B14: EOM Sub-Total | C14: =SUM(C11:C13) -> 0 | D14: =SUM(D11:D13) -> 0 | E14: =SUM(E11:E13) -> 0 | F14: =SUM(F11:F13) -> 0 | G14: =SUM(G11:G13) -> 0 | H14: =SUM(C14:G14) -> 0
B15: Equipment (EQPT) (please state item) | C15: Stage 1 | D15: Stage 2 | E15: Stage 3 | F15: Stage 4 | G15: Stage 5 | H15: Total ($)
C16: S($) | D16: S($) | E16: S($) | F16: S($) | G16: S($)
B17: DRIVE Request | C17: 0 | D17: 0 | E17: 0 | F17: 0 | G17: 0 | H17: =SUM(C17:G17) -> 0
B18: Coy Cash | C18: ='Coy Cash'!I20 -> 0 | D18: ='Coy Cash'!J20 -> 0 | E18: ='Coy Cash'!K20 -> 0 | F18: ='Coy Cash'!L20 -> 0 | G18: ='Coy Cash'!M20 -> 0 | H18: =SUM(C18:G18) -> 0
B19: Coy In-Kind | C19: ='Coy In-Kind'!I20 -> 0 | D19: ='Coy In-Kind'!J20 -> 0 | E19: ='Coy In-Kind'!K20 -> 0 | F19: ='Coy In-Kind'!L20 -> 0 | G19: ='Coy In-Kind'!M20 -> 0 | H19: =SUM(C19:G19) -> 0
B20: EQPT Sub-Total | C20: =SUM(C17:C19) -> 0 | D20: =SUM(D17:D19) -> 0 | E20: =SUM(E17:E19) -> 0 | F20: =SUM(F17:F19) -> 0 | G20: =SUM(G17:G19) -> 0 | H20: =SUM(C20:G20) -> 0
B21: Other Operating Expenses (OOE) | C21: Stage 1 | D21: Stage 2 | E21: Stage 3 | F21: Stage 4 | G21: Stage 5 | H21: Total ($)
C22: S($) | D22: S($) | E22: S($) | F22: S($) | G22: S($)
B23: DRIVE Request | C23: 0 | D23: 0 | E23: 0 | F23: 0 | G23: 0 | H23: =SUM(C23:G23) -> 0
B24: Coy Cash | C24: ='Coy Cash'!I28 -> 0 | D24: ='Coy Cash'!J28 -> 0 | E24: ='Coy Cash'!K28 -> 0 | F24: ='Coy Cash'!L28 -> 0 | G24: ='Coy Cash'!M28 -> 0 | H24: =SUM(C24:G24) -> 0
B25: Coy In-Kind | C25: ='Coy In-Kind'!I28 -> 0 | D25: ='Coy In-Kind'!J28 -> 0 | E25: ='Coy In-Kind'!K28 -> 0 | F25: ='Coy In-Kind'!L28 -> 0 | G25: ='Coy In-Kind'!M28 -> 0 | H25: =SUM(C25:G25) -> 0
B26: OOE Sub-Total | C26: =SUM(C23:C25) -> 0 | D26: =SUM(D23:D25) -> 0 | E26: =SUM(E23:E25) -> 0 | F26: =SUM(F23:F25) -> 0 | G26: =SUM(G23:G25) -> 0 | H26: =SUM(C26:G26) -> 0
B27: Overseas Travel (TRVL) | C27: Stage 1 | D27: Stage 2 | E27: Stage 3 | F27: Stage 4 | G27: Stage 5 | H27: Total ($)
C28: S($) | D28: S($) | E28: S($) | F28: S($) | G28: S($)
B29: DRIVE Request | C29: 0 | D29: 0 | E29: 0 | F29: 0 | G29: 0 | H29: =SUM(C29:G29) -> 0
B30: Coy Cash | C30: ='Coy Cash'!I33 -> 0 | D30: ='Coy Cash'!J33 -> 0 | E30: ='Coy Cash'!K33 -> 0 | F30: ='Coy Cash'!L33 -> 0 | G30: ='Coy Cash'!M33 -> 0 | H30: =SUM(C30:G30) -> 0
B31: Overseas Travel Sub-Total | C31: =SUM(C30:C30) -> 0 | D31: =SUM(D30:D30) -> 0 | E31: =SUM(E30:E30) -> 0 | F31: =SUM(F30:F30) -> 0 | G31: =SUM(G30:G30) -> 0 | H31: =SUM(C31:G31) -> 0
B32: Indirect Costs | C32: Stage 1 | D32: Stage 2 | E32: Stage 3 | F32: Stage 4 | G32: Stage 5 | H32: Total ($)
C33: S($) | D33: S($) | E33: S($) | F33: S($) | G33: S($)
B34: DRIVE Request | C34: 0 | D34: 0 | E34: 0 | F34: 0 | G34: 0 | H34: =SUM(C34:G34) -> 0
B35: Coy Cash | C35: ='Coy Cash'!I45 -> 0 | D35: ='Coy Cash'!J45 -> 0 | E35: ='Coy Cash'!K45 -> 0 | F35: ='Coy Cash'!L45 -> 0 | G35: ='Coy Cash'!M45 -> 0 | H35: =SUM(C35:G35) -> 0
B36: Coy In-Kind | C36: ='Coy In-Kind'!I40 -> 0 | D36: ='Coy In-Kind'!J40 -> 0 | E36: ='Coy In-Kind'!K40 -> 0 | F36: ='Coy In-Kind'!L40 -> 0 | G36: ='Coy In-Kind'!M40 -> 0 | H36: =SUM(C36:G36) -> 0
B37: IDC Sub-Total | C37: =SUM(C34:C36) -> 0 | D37: =SUM(D34:D36) -> 0 | E37: =SUM(E34:E36) -> 0 | F37: =SUM(F34:F36) -> 0 | G37: =SUM(G34:G36) -> 0 | H37: =SUM(C37:G37) -> 0
B38: GRAND TOTAL | C38: =SUM(C14,C20,C26,C31,C37) -> 0 | D38: =SUM(D14,D20,D26,D31,D37) -> 0 | E38: =SUM(E14,E20,E26,E31,E37) -> 0 | F38: =SUM(F14,F20,F26,F31,F37) -> 0 | G38: =SUM(G14,G20,G26,G31,G37) -> 0 | H38: =SUM(H14,H20,H26,H31,H37) -> 0
B39: GRAND TOTAL (IN SINGAPORE ONLY) | C39: =SUM(C14,C20,C26,C31,C37) -> 0 | D39: =SUM(D14,D20,D26,D31,D37) -> 0 | E39: =SUM(E14,E20,E26,E31,E37) -> 0 | F39: =SUM(F14,F20,F26,F31,F37) -> 0 | G39: =SUM(G14,G20,G26,G31,G37) -> 0 | H39: =SUM(H14,H20,H26,H31,H37) -> 0

Sheet Coy Cash
A1: 2. PROJECT BUDGET
B3: Company Applicant's R&D Contribution - Cash
I4: *round to nearest S$10 for direct costs
B5: Manpower (EOM) (Do not include identifiers) | C5: Qualifications | D5: % Full Time Equivalent | E5: No. of headcount | F5: Type of manpower (New or existing) | G5: Source of Funding | H5: Site of Spending (SG Company, SG Performer or Overseas) | I5: Stage 1 | J5: Stage 2 | K5: Stage 3 | L5: Stage 4 | M5: Stage 5 | N5: Total ($) | O5: Work Package (if any) | P5: Justifications#
I6: S($) | J6: S($) | K6: S($) | L6: S($) | M6: S($)
B7: Postdoctoral Fellow | N7: =SUM(I7:M7) -> 0
B8: Research Officer | N8: =SUM(I8:M8) -> 0
B9: Lab Technician | N9: =SUM(I9:M9) -> 0
N10: =SUM(I10:M10) -> 0
N11: =SUM(I11:M11) -> 0
B12: (Pls insert more rows / delete unused rows) | N12: =SUM(I12:M12) -> 0
B13: EOM Sub-Total | I13: =SUM(I7:I12) -> 0 | J13: =SUM(J7:J12) -> 0 | K13: =SUM(K7:K12) -> 0 | L13: =SUM(L7:L12) -> 0 | M13: =SUM(M7:M12) -> 0 | N13: =SUM(N7:N12) -> 0 | O13: -
B14: Equipment (EQPT) (Please state items) | D14: % Usage | E14: No. of EQPT | F14: Type of equipment (New or existing) | G14: Source of Funding | H14: Site of Spending (SG Company, SG Performer or Overseas) | I14: Stage 1 | J14: Stage 2 | K14: Stage 3 | L14: Stage 4 | M14: Stage 5 | N14: Total ($) | O14: Work Package (if any) | P14: Justifications
I15: S($) | J15: S($) | K15: S($) | L15: S($) | M15: S($)
N16: =SUM(I16:M16) -> 0
N17: =SUM(I17:M17) -> 0
N18: =SUM(I18:M18) -> 0
B19: (Pls insert more rows / delete unused rows) | N19: =SUM(I19:M19) -> 0
B20: EQPT Sub-Total | I20: =SUM(I16:I19) -> 0 | J20: =SUM(J16:J19) -> 0 | K20: =SUM(K16:K19) -> 0 | L20: =SUM(L16:L19) -> 0 | M20: =SUM(M16:M19) -> 0 | N20: =SUM(N16:N19) -> 0 | O20: -
B21: Other Operating Expenses (OOE) (Please clearly indicate "[CMIK]" in a different colour if this is company manufactured in-kind) | F21: Type of other operating expenses (New or existing) | G21: Source of Funding | H21: Site of Spending (SG Company, SG Performer or Overseas) | I21: Stage 1 | J21: Stage 2 | K21: Stage 3 | L21: Stage 4 | M21: Stage 5 | N21: Total ($) | O21: Work Package (if any) | P21: Justifications
I22: S($) | J22: S($) | K22: S($) | L22: S($) | M22: S($)
B23: Materials | N23: =SUM(I23:M23) -> 0
B24: Consumables | N24: =SUM(I24:M24) -> 0
B25: Animal Costs | N25: =SUM(I25:M25) -> 0
B26: Others (please state) | N26: =SUM(I26:M26) -> 0
B27: (Pls insert more rows / delete unused rows) | N27: =SUM(I27:M27) -> 0
B28: OOE Sub-Total | I28: =SUM(I23:I27) -> 0 | J28: =SUM(J23:J27) -> 0 | K28: =SUM(K23:K27) -> 0 | L28: =SUM(L23:L27) -> 0 | M28: =SUM(M23:M27) -> 0 | N28: =SUM(N23:N27) -> 0 | O28: -
B29: Overseas Travel (OT) | F29: No. of trip | G29: Source of Funding | H29: Site of Spending (SG Company, SG Performer or Overseas) | I29: Stage 1 | J29: Stage 2 | K29: Stage 3 | L29: Stage 4 | M29: Stage 5 | N29: Total ($) | O29: Work Package (if any) | P29: Justifications#
I30: S($) | J30: S($) | K30: S($) | L30: S($) | M30: S($)
B31: Conferences (please provide names and places) | N31: =SUM(I31:M31) -> 0
B32: Events (please provide names and places) | N32: =SUM(I32:M32) -> 0
B33: OT Sub-Total | I33: =SUM(I31:I32) -> 0 | J33: =SUM(J31:J32) -> 0 | K33: =SUM(K31:K32) -> 0 | L33: =SUM(L31:L32) -> 0 | M33: =SUM(M31:M32) -> 0 | N33: =SUM(N31:N32) -> 0 | O33: -
B34: Research Scholarship (if any) | D34: % Full Time Equivalent | E34: No. of Headcount involved | G34: Source of Funding | H34: Site of Spending (SG Company, SG Performer or Overseas) | I34: Stage 1 | J34: Stage 2 | K34: Stage 3 | L34: Stage 4 | M34: Stage 5 | N34: Total ($) | P34: Justifications
I35: S($) | J35: S($) | K35: S($) | L35: S($) | M35: S($)
N36: =SUM(I36:M36) -> 0
B37: Research Scholarship Sub-Total | I37: =SUM(I36) -> 0 | J37: =SUM(J36) -> 0 | K37: =SUM(K36) -> 0 | L37: =SUM(L36) -> 0 | M37: =SUM(M36) -> 0 | N37: =SUM(N36) -> 0
B38: Joint Fund (if any) | G38: Source of Funding | H38: Site of Spending (SG Company, SG Performer or Overseas) | I38: Stage 1 | J38: Stage 2 | K38: Stage 3 | L38: Stage 4 | M38: Stage 5 | N38: Total ($) | P38: Justifications
I39: S($) | J39: S($) | K39: S($) | L39: S($) | M39: S($)
N40: =SUM(I40:M40) -> 0
B41: Joint Fund Sub-Total | I41: =SUM(I40) -> 0 | J41: =SUM(J40) -> 0 | K41: =SUM(K40) -> 0 | L41: =SUM(L40) -> 0 | M41: =SUM(M40) -> 0 | N41: =SUM(N40) -> 0
B42: Indirect Costs (IDC) | G42: Source of Funding | H42: Site of Spending (SG Company, SG Performer or Overseas) | I42: Stage 1 | J42: Stage 2 | K42: Stage 3 | L42: Stage 4 | M42: Stage 5 | N42: Total ($)
I43: S($) | J43: S($) | K43: S($) | L43: S($) | M43: S($)
B44: Overheads | N44: =SUM(I44:M44) -> 0
B45: IDC Sub-Total | I45: =SUM(I44) -> 0 | J45: =SUM(J44) -> 0 | K45: =SUM(K44) -> 0 | L45: =SUM(L44) -> 0 | M45: =SUM(M44) -> 0 | N45: =SUM(N44) -> 0
B46: TOTAL - INDUSTRY CASH CONTRIBUTION | I46: =SUM(I13,I20,I28,I37,I33,I41,I45) -> 0 | J46: =SUM(J13,J20,J28,J37,J33,J41,J45) -> 0 | K46: =SUM(K13,K20,K28,K37,K33,K41,K45) -> 0 | L46: =SUM(L13,L20,L28,L37,L33,L41,L45) -> 0 | M46: =SUM(M13,M20,M28,M37,M33,M41,M45) -> 0 | N46: =SUM(N13,N20,N28,N37,N33,N41,N45) -> 0
B47: #EOM: This should only include the base salaries of direct R&D/qualifying personnel, excluding bonuses and allowances such as annual wage supplements, CPF contributions, training costs, cost of living allowance (COLA) and airfare. EOM of support functions (e.g. administration, finance, HR, marketing, etc.) should not be included. OT: Please provide the purpose, planned no. of trips per Stage and no. of pax per trip. Where applicable, please list down the conferences that may be attended in relation to this DRIVE. Indirect costs: Examples include and are not limited to the following: non-R&D headcounts, non-R&D equipment, non-R&D equipment/consumables and non-R&D operating expenses, infrastructure costs, manpower costs for researchers not based in Singapore, GST and withholding taxes and other grant or loan awarded by a Singapore government agency. Applicants should provide such Coy Cash item contributions under the "Indirect Costs" vote.

Sheet Coy In-Kind
A1: 2. PROJECT BUDGET
B3: Company Applicant's R&D Contribution - In-Kind
I4: *round to nearest S$10 for direct costs
B5: Manpower (EOM) (Do not include identifiers) | C5: Qualifications | D5: % Full Time Equivalent | E5: No. of headcount | F5: Type of manpower (New or existing) | G5: Source of Funding | H5: Site of Spending (SG Company, SG Performer or Overseas) | I5: Stage 1 | J5: Stage 2 | K5: Stage 3 | L5: Stage 4 | M5: Stage 5 | N5: Total ($) | O5: Work Package (WP) | P5: Justifications
I6: S($) | J6: S($) | K6: S($) | L6: S($) | M6: S($)
B7: Postdoctoral Fellow | N7: =SUM(I7:M7) -> 0
B8: Research Officer | N8: =SUM(I8:M8) -> 0
B9: Lab Technician | N9: =SUM(I9:M9) -> 0
N10: =SUM(I10:M10) -> 0
N11: =SUM(I11:M11) -> 0
B12: (Pls insert more rows / delete unused rows) | N12: =SUM(I12:M12) -> 0
B13: EOM Sub-Total | I13: =SUM(I7:I12) -> 0 | J13: =SUM(J7:J12) -> 0 | K13: =SUM(K7:K12) -> 0 | L13: =SUM(L7:L12) -> 0 | M13: =SUM(M7:M12) -> 0 | N13: =SUM(N7:N12) -> 0 | O13: -
B14: Equipment (EQPT) (Please state items) | D14: % Usage | E14: No. of EQPT | F14: Type of equipment (New or existing) | G14: Source of Funding | H14: Site of Spending (SG Company, SG Performer or Overseas) | I14: Stage 1 | J14: Stage 2 | K14: Stage 3 | L14: Stage 4 | M14: Stage 5 | N14: Total ($) | O14: Work Package (WP) | P14: Justifications#
I15: S($) | J15: S($) | K15: S($) | L15: S($) | M15: S($)
N16: =SUM(I16:M16) -> 0
N17: =SUM(I17:M17) -> 0
N18: =SUM(I18:M18) -> 0
B19: (Pls insert more rows / delete unused rows) | N19: =SUM(I19:M19) -> 0
B20: EQPT Sub-Total | I20: =SUM(I16:I19) -> 0 | J20: =SUM(J16:J19) -> 0 | K20: =SUM(K16:K19) -> 0 | L20: =SUM(L16:L19) -> 0 | M20: =SUM(M16:M19) -> 0 | N20: =SUM(N16:N19) -> 0 | O20: -
B21: Other Operating Expenses (OOE) (Please clearly indicate "[CMIK]" in a different font colour if this is company manufactured in-kind) | F21: Type of other operating expenses (New or existing) | G21: Source of Funding | H21: Site of Spending (SG Company, SG Performer or Overseas) | I21: Stage 1 | J21: Stage 2 | K21: Stage 3 | L21: Stage 4 | M21: Stage 5 | N21: Total ($) | O21: Work Package (WP) | P21: Justifications#
I22: S($) | J22: S($) | K22: S($) | L22: S($) | M22: S($)
B23: Materials | N23: =SUM(I23:M23) -> 0
B24: Consumables | N24: =SUM(I24:M24) -> 0
B25: Animal Costs | N25: =SUM(I25:M25) -> 0
B26: Others (please state) | N26: =SUM(I26:M26) -> 0
B27: (Pls insert more rows / delete unused rows) | N27: =SUM(I27:M27) -> 0
B28: OOE Sub-Total | I28: =SUM(I23:I27) -> 0 | J28: =SUM(J23:J27) -> 0 | K28: =SUM(K23:K27) -> 0 | L28: =SUM(L23:L27) -> 0 | M28: =SUM(M23:M27) -> 0 | N28: =SUM(N23:N27) -> 0 | O28: -
B29: Research Scholarship (if any) | D29: % Full Time Equivalent | E29: No. of Headcount involved | G29: Source of Funding | H29: Site of Spending (SG Company, SG Performer or Overseas) | I29: Stage 1 | J29: Stage 2 | K29: Stage 3 | L29: Stage 4 | M29: Stage 5 | N29: Total ($) | P29: Justifications
I30: S($) | J30: S($) | K30: S($) | L30: S($) | M30: S($)
N31: =SUM(I31:M31) -> 0
B32: Research Scholarship Sub-Total | I32: =SUM(I31) -> 0 | J32: =SUM(J31) -> 0 | K32: =SUM(K31) -> 0 | L32: =SUM(L31) -> 0 | M32: =SUM(M31) -> 0 | N32: =SUM(N31) -> 0
B33: Joint Fund (if any) | G33: Source of Funding | H33: Site of Spending (SG Company, SG Performer or Overseas) | I33: Stage 1 | J33: Stage 2 | K33: Stage 3 | L33: Stage 4 | M33: Stage 5 | N33: Total ($) | P33: Justifications
I34: S($) | J34: S($) | K34: S($) | L34: S($) | M34: S($)
N35: =SUM(I35:M35) -> 0
B36: Joint Fund Sub-Total | I36: =SUM(I35) -> 0 | J36: =SUM(J35) -> 0 | K36: =SUM(K35) -> 0 | L36: =SUM(L35) -> 0 | M36: =SUM(M35) -> 0 | N36: =SUM(N35) -> 0
B37: Indirect Costs (IDC) | H37: Site of Spending (SG Company, SG Performer or Overseas) | I37: Stage 1 | J37: Stage 2 | K37: Stage 3 | L37: Stage 4 | M37: Stage 5 | N37: Total ($)
I38: S($) | J38: S($) | K38: S($) | L38: S($) | M38: S($)
B39: Overheads | N39: =SUM(I39:M39) -> 0
B40: IDC Sub-Total | I40: =SUM(I39) -> 0 | J40: =SUM(J39) -> 0 | K40: =SUM(K39) -> 0 | L40: =SUM(L39) -> 0 | M40: =SUM(M39) -> 0 | N40: =SUM(N39) -> 0
B41: TOTAL - INDUSTRY IN-KIND CONTRIBUTION | I41: =SUM(I8,I15,I23,I32,I28,I36,I40) -> 0 | J41: =SUM(J8,J15,J23,J32,J28,J36,J40) -> 0 | K41: =SUM(K8,K15,K23,K32,K28,K36,K40) -> 0 | L41: =SUM(L8,L15,L23,L32,L28,L36,L40) -> 0 | M41: =SUM(M8,M15,M23,M32,M28,M36,M40) -> 0 | N41: =SUM(N13,N20,N32,N28,N36,N40) -> 0
B42: #EOM: This should only include the base salaries of direct R&D/qualifying personnel, excluding bonuses and allowances such as annual wage supplements, CPF contributions, training costs, cost of living allowance (COLA) and airfare. EOM of support functions (e.g. administration, finance, HR, marketing, etc.) should not be included. EQPT & OOE: For items that are company manufactured in-kind (CMIK), please specify if the amounts stated are manufacturing cost or commercial price, and provide a quotation or any other supporting documents that can substantiate the projected amount for this CMIK direct cost item. Please also remove all taxes including but not limited to GST and withholding taxes. Indirect costs: Examples include and are not limited to the following: non-R&D headcounts, non-R&D equipment, non-R&D equipment/consumables and non-R&D operating expenses, infrastructure costs and manpower costs for researchers not based in Singapore, GST and withholding taxes and other grant or loan awarded by a Singapore government agency. Applicants should provide such Coy In-kind item contributions under the "Indirect Costs" vote.
B159: Yes
B160: No
